Map: Écho EC

Players

XanRyu - Winner!

  • Race: Zerg Zerg

AgCl

  • Race: Zerg Zerg

VOD

Have the link to the VOD?

Description

Time

  • Played on: May 6, 2015, 7:24 p.m.
  • Length: 9:17
Show
View Real Time Build Order
Export as new Build Order

XanRyu Zerg - Winner!

Build Orders: Pool First, Lurkers 

Get SALT Encoding   

  12  0:01  Drone  
  13  0:12  Overlord  
  13  0:20  Drone  
  14  0:27  Extractor  
  14  0:28  Drone  
  14  0:31  Drone  
  16  0:41  Spawning Pool  
  15  0:44  Drone  
  16  0:54  Drone, Extractor  
  16  1:05  Drone  
  17  1:19  Drone  
  17  1:22  Hatchery  
  17  1:24  Drone  
  18  1:29  Overlord  
  18  1:40  Queen  
  20  1:47  Drone  
  21  1:58  Roach Warren  
  21  2:00  Drone  
  21  2:07  Drone  
  22  2:16  Overlord  
  22  2:21  Queen  
  24  2:28  Drone  
  25  2:38  Roach x2  
  29  2:45  Drone x2  
  35  2:51  Roach x2  
  35  3:03  Ravager  
  36  3:07  Ravager  
  36  3:08  Drone x3  
  36  3:09  Drone x2  
  42  3:19  Drone  
  43  3:20  Overlord  
  43  3:21  Extractor  
  43  3:26  Evolution Chamber  
  41  3:33  Drone x3  
  44  3:35  Overlord  
  44  3:48  Hatchery  
  43  3:51  Lair  
  43  3:55  Drone x3  
  46  4:04  Drone x3  
  46  4:09  Zerg Missile Weapons Level 1  
  49  4:11  Extractor  
  49  4:13  Drone x2  
  49  4:14  Drone  
  51  4:23  Ravager  
  52  4:26  Overlord  
  52  4:28  Drone x2  
  52  4:29  Drone x2  
  56  4:39  Overlord  
  56  4:49  Glial Reconstitution  
  56  4:58  Drone x8  
  56  4:59  Hydralisk Den  
  63  5:00  Extractor  
  63  5:01  Overseer  
  62  5:15  Lurker Den  
  62  5:16  Queen  
  62  5:19  Drone  
  62  5:20  Drone x5  
  70  5:24  Overlord  
  70  5:32  Hydralisk x2  
  74  5:36  Extractor x2  
  74  5:37  Hydralisk  
  74  5:40  Hydralisk  
  76  5:48  Drone x2  
  76  5:49  Drone x2, Overlord  
  80  5:52  Hydralisk x2  
  84  6:05  Overlord  
  84  6:13  Overlord  
  84  6:14  Zerg Missile Weapons Level 2  
  84  6:17  Drone x9  
  93  6:20  Overlord  
  93  6:35  Ravager  
  94  6:41  Lurker x4  
  94  6:42  Lurker  
  99  6:48  Lurker  
  99  6:52  Hydralisk, Roach x2  
  99  6:53  Roach  
  108  6:58  Overlord  
  108  6:59  Hatchery  
  107  7:02  Hydralisk x3  
  107  7:06  Spore Crawler  
  112  7:08  Spore Crawler  
  112  7:10  Spore Crawler  
  112  7:13  Muscular Augments  
  112  7:14  Hydralisk  
  112  7:17  Drone x3  
  112  7:18  Overlord, Drone  
  118  7:23  Roach x3  
  118  7:25  Overlord  
  118  7:28  Overlord  
  122  7:36  Overlord  
  122  7:38  Spore Crawler x2  
  122  7:40  Spore Crawler  
  122  7:41  Hydralisk x2  
  123  7:48  Hydralisk x2  
  127  7:58  Hydralisk x4  
  135  8:06  Hydralisk x3  
  141  8:16  Queen  
  143  8:21  Hydralisk x4  
  143  8:22  Overlord  
  151  8:35  Overlord  
  151  8:43  Hydralisk  
  151  8:44  Roach x3  
  151  8:45  Overlord  
  151  8:46  Overlord  
  151  8:47  Extractor  
  158  8:51  Spore Crawler x2, Overlord  
  158  8:53  Extractor  
Show
View Real Time Build Order
Export as new Build Order

AgCl Zerg 

Build Orders: Hatch First 

Get SALT Encoding   

  12  0:03  Drone  
  13  0:08  Drone  
  14  0:17  Overlord  
  14  0:23  Drone, Extractor  
  15  0:36  Drone  
  15  0:38  Drone  
  17  1:02  Hatchery, Drone  
  17  1:10  Spawning Pool  
  16  1:12  Drone  
  16  1:17  Drone  
  18  1:21  Extractor  
  18  1:22  Drone  
  18  1:23  Extractor  
  17  1:32  Drone  
  18  1:40  Drone  
  19  1:51  Drone  
  20  1:57  Queen  
  22  2:07  Overlord  
  22  2:17  Burrow  
  22  2:19  Drone x2  
  24  2:24  Drone  
  24  2:25  Drone  
  26  2:33  Metabolic Boost  
  26  2:34  Drone  
  27  2:40  Drone  
  28  2:44  Drone  
  28  2:49  Queen  
  31  2:53  Drone  
  31  2:57  Drone  
  33  3:03  Drone  
  34  3:09  Drone x2  
  36  3:16  Overlord  
  36  3:17  Overlord  
  36  3:30  Lair  
  36  3:33  Queen  
  38  3:36  Zergling x6  
  38  3:39  Drone  
  38  3:40  Drone  
  43  3:47  Drone  
  44  3:52  Drone x3  
  47  3:57  Drone x2  
  47  4:02  Evolution Chamber  
  48  4:05  Evolution Chamber  
  48  4:07  Drone x2  
  48  4:09  Drone, Pneumatized Carapace  
  50  4:16  Drone x2  
  52  4:40  Extractor  
  52  4:43  Extractor  
  48  4:50  Zergling x6  
  50  5:04  Overlord x9, Spire  
  49  5:08  Drone x2  
  49  5:09  Drone  
  52  5:32  Zerg Missile Weapons Level 1  
  52  5:33  Zerg Ground Armor Level 1  
  52  5:42  Drone  
  53  5:43  Drone x5  
  58  5:55  Drone x2  
  60  6:08  Drone x6  
  60  6:09  Hatchery  
  65  6:19  Mutalisk  
  65  6:21  Mutalisk  
  69  6:31  Evolution Chamber  
  68  6:38  Queen  
  68  6:39  Drone  
  71  6:40  Mutalisk x7  
  71  6:41  Mutalisk x2  
  89  7:03  Hydralisk Den  
  88  7:15  Mutalisk  
  88  7:16  Mutalisk x3  
  96  7:22  Spore Crawler  
  96  7:27  Drone x5  
  96  7:28  Overlord x2  
  96  7:29  Drone  
  102  7:30  Drone  
  102  7:32  Mutalisk  
  103  8:22  Hydralisk  
  103  8:23  Hydralisk x7  
  103  8:24  Hydralisk  
  121  8:27  Extractor  
  121  8:29  Extractor  
  119  8:39  Hydralisk x3  
  125  8:46  Hatchery  
Tags
 
Composition
Lurkers
Matchup
ZvZ
Race
Zerg
Add a new tag
Caveats
  • Supply blocks, unpowered buildings, or Contaminate may cause inaccurate times.
  • Supply counts are checked every 10 seconds.